 Dungeon Crawl Stone Soup version 0.32-a0-473-gd044c6f0f0 (webtiles) character file.

Game seed: 12365323058251848788

46 ragingrage the Charlatan (level 3, -1/28 HPs)
             Began as a Djinni Artificer on Feb 25, 2024.
             Slain by a goblin
             ... wielding a +0 dagger
             ... led by Robin
              (3 damage)
             ... on level 2 of the Dungeon.
             The game lasted 00:01:48 (1488 turns).

ragingrage the Charlatan (Djinni Artificer)         Turns: 1488, Time: 00:01:48

Health: -1/28      AC:  5    Str: 11    XL:     3   Next: 95%
Gold:   45         EV: 10    Int: 14    God:
                   SH:  0    Dex: 13

rFire   + + .        m - +0 war axe
rCold   x . .        (no shield)
rNeg    + . .        q - +0 ring mail
rPois   ∞            (no helmet)
rElec   .            (no cloak)
rCorr   .            (no gloves)
SInv    .            (boots unavailable)
Will    .....        (no amulet)
Stlth   +            j - ring of positive energy
HPRegen 0.24/turn    (no ring)
MPRegen 0.00/turn

%: infuse magic (-2 HP)
@: about to teleport, flying
A: sickness immunity, fire resistance 2, cold vulnerability 1, float, innate
caster, HP casting, extra vitality 1
a: no special abilities


You were on level 2 of the Dungeon.
You visited 1 branch of the dungeon, and saw 2 of its levels.

You collected 45 gold pieces.

Inventory:

Hand Weapons
 a - a +0 sling
 m - a +0 war axe (weapon)
 o - a +0 falchion
Missiles
 i - 6 javelins
Armour
 k - a +0 leather armour
 q - a +0 ring mail (worn)
Jewellery
 b - an amulet of regeneration
 j - a ring of positive energy (left hand)
Wands
 c - a wand of flame (14) (quivered)
 d - a wand of charming (15)
 e - a wand of iceblast (5)
Potions
 f - 2 potions of curing {unknown}
 g - a potion of invisibility {unknown}
 h - a potion of heal wounds {unknown}
 l - a potion of mutation {unknown}
 n - a potion of brilliance {unknown}


   Skills:
 - Level 2.0 Fighting
 + Level 1.4 Long Blades
 - Level 1.0 Armour
 - Level 2.1 Dodging
 - Level 2.0 Stealth
 - Level 3.0 Evocations


You knew the following spells:

 Your Spells              Type           Power      Damage    Failure   Level
a - Slow                  Hex            0%         N/A       56%         1
Your spell library was empty.

Dungeon Overview and Level Annotations

Branches:
Dungeon (2/15)

Altars:
Yredelemnul

Shops:
D:1 *

Annotations:
D:2 1 runed translucent door, Crazy Yiuf, Robin


Innate Abilities, Weirdness & Mutations

You are immune to sickness and miasma.
You are immune to poison.
Your flesh is very heat resistant. (rF++)
You are vulnerable to cold. (rC-)
You float through the air rather than walking.
You learn spells naturally, not from books.
Your magical power is your life essence.
You have superior vitality. (+4 MHP)


Message History

You hear a shout!
The goblin closely misses you. Robin throws the goblin at you!
You barely miss the goblin. You hit the goblin.
You kill the goblin!
You barely miss the goblin. The goblin closely misses you.
Robin throws the goblin at you! The goblin hits you but does no damage.
You closely miss the goblin. x2; You barely miss the goblin.
You barely miss the hobgoblin.
The hobgoblin hits you but does no damage.
The goblin hits you but does no damage. The goblin closely misses you.
Robin roars a battlecry!
The goblins go into a battle-frenzy!
The goblin hits you with a +0 dagger.
The hobgoblin hits you but does no damage.
The goblin hits you but does no damage. x2
Robin roars a battlecry!
The goblin hits you with a +0 dagger.
You hear a shout! x2
You hit the goblin. You slash the hobgoblin!
You kill the hobgoblin!
You barely miss the goblin. You closely miss the goblin.
The goblin hits you with a +0 dagger. The goblin hits you but does no damage.
The goblin closely misses you.
A hobgoblin comes into view.
The hobgoblin shouts!
The goblin hits you with a +0 dagger. The goblin barely misses you.
The goblin hits you with a +0 dagger.
The hobgoblin moves out of view.
Robin throws the goblin at you! The goblin hits you with a +0 dagger.
The goblin hits you with a +0 club.
* * * LOW HITPOINT WARNING * * *
The goblin hits you but does no damage.
A goblin comes into view. It is wielding a +0 dagger.
The goblin closely misses you. Robin throws the goblin at you!
The goblin hits you with a +0 dagger.
* * * LOW HITPOINT WARNING * * *
Okay, then.
As you read the scroll labelled PETRUA KUQO, it crumbles to dust.
You feel strangely unstable.
It was a scroll of teleportation.
The goblin hits you with a +0 dagger.
You die...

#.........).....
#)..#♣♣ ♣♣
####........#..... ###
♣ #...........#>...#
#........##.##...#
#.)......##.##...###
#........##.##..<..#
#........##.##.....#
###...#####...##.g.#
..#...#####...##@g.#
..........#...##gg.#
..######.##.####...#
.........##.#....)g#
............#....g.#
............#.......
...........##....#..g
...........##....#....
...........##....#####.


You could see Robin, a hobgoblin (strong) and 5 goblins.

Vanquished Creatures
  2 adders (D:2)
  A ribbon worm (D:2)
  2 endoplasms (D:1)
  A giant cockroach (D:1)
  3 goblins
  3 hobgoblins
  2 quokkas
  3 ball pythons
  A frilled lizard (D:1)
  3 kobolds (D:1)
  5 rats
26 creatures vanquished.

Notes
Turn   | Place    | Note
-------+----------+-------------------------------------------
     0 | D:1      | ragingrage the Djinni Artificer began the quest for the
                  | Orb.
     0 | D:1      | Reached XP level 1. HP: 17/17 MP: 0/0
    35 | D:1      | Found a faded altar of an unknown god.
    75 | D:1      | Reached skill level 1 in Stealth
   301 | D:1      | Found Xiapos's Assorted Antiques.
   321 | D:1      | Reached XP level 2. HP: 19/22 MP: 0/0
  1138 | D:2      | Reached XP level 3. HP: 21/28 MP: 0/0
  1138 | D:2      | Learned a level 1 spell: Slow
  1227 | D:2      | Found a runed translucent door.
  1228 | D:2      | Noticed Crazy Yiuf
  1418 | D:2      | Found a basalt altar of Yredelemnul.
  1435 | D:2      | Reached skill level 1 in Long Blades
  1480 | D:2      | Identified the +2 helmet "Keeklaedgh" {Will+ Stlth+}
  1480 | D:2      | Noticed Robin
  1488 | D:2      | Slain by a goblin

Illustrated notes

Levels and vault maps discovered:
D:1:      grunt_arrival_crossed_arrows, layout_basic, serial_forest,
          infiniplex_forest_lined_2, infiniplex_forest_clump_double,
          infiniplex_forest_lined_ring, infiniplex_forest_straight_4,
          infiniplex_forest_zigzag_2, infiniplex_forest_straight_1,
          infiniplex_forest_clump_curved, infiniplex_forest_clump_large,
          serial_shops, shop, shapermc_ecumenical_altar_venn, nrook_campfire
D:2:      layout_basic, basic_altar, uniq_crazy_yiuf_cottage, uniq_jessica,
          uniq_natasha, uniq_robin

Skill      XL: |  1  2  3 |
---------------+----------+-----
Stealth        | 1 2 |  2.0
Fighting       | 2 |  2.0
Long Blades    | 1 |  1.4
Armour         | |  1.0
Dodging        | |  2.1
Evocations     | |  3.0

Action                     || total
---------------------------++-------
  Melee: Club              ||    14
         Dagger            ||    21
         Hand axe          ||    41
         War axe           ||    21
   Fire: Sling             ||     3
  Evoke: Wand              ||     1
    Use: Scroll            ||     1
   Stab: Sleeping          ||     4
 Armour: Leather armour    ||    62
         Ring mail         ||    20
  Dodge: Dodged            ||    53

Table legend: (Time is in decaauts)
 A = Elapsed time spent in this place.
 B = Non-inter-level travel time spent in this place.
 C = Inter-level travel time spent in this place.
 D = Time resting spent in this place.
 E = Time spent auto-exploring this place.
 F = Levels seen in this place.
 G = Mean time per level.
                   A        B        C        D        E       F      G
               +--------+--------+--------+--------+--------+-----+--------+
         Total |   1512 |   1387 |    125 |    119 |    949 |   2 |  756.0 |
       Dungeon |   1512 |   1387 |    125 |    119 |    949 |   2 |  756.0 |
               +--------+--------+--------+--------+--------+-----+--------+

Top non-repeatable levels by time:
     D:1: 1139 daAuts
     D:2: 372 daAuts
